 Dungeon Crawl Stone Soup version 0.23.2-1-ga50397a6bc (webtiles) character file.

Game seed: 14393555209222546990

480 Bb4Qf6 the Chopper (level 6, -7/55 HPs)
             Began as a Deep Dwarf Fighter on May 29, 2019.
             Killed by divine providence
             ... invoked by an orc priest
              (10 damage)
             ... on level 4 of the Dungeon.
             The game lasted 00:05:56 (2848 turns).

Bb4Qf6 the Chopper (Deep Dwarf Fighter)             Turns: 2848, Time: 00:05:57

Health: -7/55      AC:  7    Str: 22    XL:     6   Next: 86%
Magic:  6/6        EV:  7    Int:  8    God:
Gold:   139        SH:  9    Dex: 12    Spells: 5/5 levels left

rFire    . . .     SeeInvis .   d - -2 hand axe
rCold    . . .     Gourm    .   c - +0 shield
rNeg     . . .     Faith    .   b - +0 scale mail
rPois    .         Spirit   .   (no helmet)
rElec    .         Reflect  .   (no cloak)
rCorr    .         Harm     .   (no gloves)
MR       .....                  (no boots)
Stlth    ..........             (no amulet)
HPRegen  0.00/turn              (no ring)
MPRegen  0.10/turn              (no ring)

@: non-regenerating
A: damage resistance, heal wounds, sense surroundings 1, no regeneration
a: Heal Wounds


You were on level 4 of the Dungeon.
You were not hungry.

You visited 1 branch of the dungeon, and saw 4 of its levels.
You also visited: Sewer.

You collected 139 gold pieces.

Inventory:

Hand Weapons
 a - a +0 war axe
 d - a -2 hand axe (weapon)
Armour
 b - a +0 scale mail (worn)
 c - a +0 shield (worn)
Wands
 q - a wand of iceblast (9)
Scrolls
 l - 2 scrolls of teleportation
 m - 4 scrolls of identify
 o - a scroll of remove curse
 p - 2 scrolls of blinking {unknown}
 s - a scroll of noise {unknown}
 w - a scroll of enchant weapon {unknown}
Potions
 e - a potion of invisibility
 h - a potion of brilliance {unknown}
 j - 2 potions of curing {unknown}
 n - a potion of degeneration {unknown}
 r - 2 potions of mutation {unknown}
 u - 2 potions of flight {unknown}
 v - 3 potions of heal wounds {unknown}
Comestibles
 f - 6 rations
 t - 18 chunks of flesh


   Skills:
 - Level 2.6 Fighting
 * Level 6.8 Axes
 + Level 5.6 Armour
 - Level 3.2 Shields


You had 5 spell levels left.
You didn't know any spells.
Your spell library was empty.

Dungeon Overview and Level Annotations

Branches:
Dungeon (4/15)
 Temple: D:4-7

Altars:
Cheibriados


Innate Abilities, Weirdness & Mutations

You are resistant to damage.
You can heal yourself by infusing magical energy.
You passively map a small area around you.
You do not regenerate.


Message History

The orc hits you with a +0 flail of crushing.
* * * LOW HITPOINT WARNING * * *
The orc barely misses you. The orc hits you with a +0 mace.
You barely miss the orc.
Your shield prevents you from hitting the orc.
You closely miss the leopard gecko. You closely miss the orc.
You block the leopard gecko's attack. You block the orc's attack.
The orc barely misses you. The leopard gecko closely misses you.
Unknown command.
You fail to use your ability.
The orc hits you but does no damage. x2
You block the leopard gecko's attack.
The orc priest mumbles some strange prayers to Beogh against you.
Pain shoots through your body!
* * * LOW HITPOINT WARNING * * *
The orc hits you with a +0 mace.
You block the leopard gecko skeleton's attack.
You block the orc's attack. The orc hits you with a +0 club.
The orc priest invokes the aid of Beogh against you.
Beogh smites you!
You die...

####*##### *..##....##*
#####
##........[****#....
#..........,,,,,#...
##.oZ.......,,,,*#...
*#..l@o......,*,**##..
*#...oo.......,,,* ##.
*#.............,,** ###
#..............,,* ###..
###............,**##....
#######....#.*###.....
*####..##.[.....
##.##........
##..#.........


You could see an orc priest, 3 orcs, a leopard gecko and a leopard gecko
skeleton.

Vanquished Creatures
  A big kobold (Sewer)
  A scorpion (D:4)
  An orc priest (D:4)
  An iguana (D:4)
  2 orc wizards
  4 worker ants
  3 gnolls (D:3)
  An adder (D:2)
  2 river rats (Sewer)
  3 worms
  3 dart slugs
  4 leopard geckos
  15 orcs
  4 bats
  3 giant cockroaches
  7 goblins
  3 hobgoblins
  4 jackals
  A ball python (D:3)
  4 frilled lizards
  8 kobolds
  A quokka skeleton (D:4)
  10 rats
86 creatures vanquished.

Notes
Turn   | Place    | Note
-------+----------+-------------------------------------------
     0 | D:1      | Bb4Qf6 the Deep Dwarf Fighter began the quest for the Orb.
     0 | D:1      | Reached XP level 1. HP: 20/20 MP: 1/1
    82 | D:1      | Reached XP level 2. HP: 27/27 MP: 2/2
   273 | D:1      | Reached skill level 3 in Axes
   700 | D:2      | Found a snail-covered altar of Cheibriados.
   896 | D:2      | Reached XP level 3. HP: 28/33 MP: 3/3
  1068 | D:2      | Found a faded altar of an unknown god.
  1132 | D:2      | Reached skill level 4 in Axes
  1493 | D:3      | Reached XP level 4. HP: 15/40 MP: 4/4
  1630 | D:3      | Found a glowing drain.
  1636 | Sewer    | Entered a sewer
  1708 | Sewer    | Noticed a big kobold
  1719 | Sewer    | Killed a big kobold
  1719 | Sewer    | Reached skill level 5 in Axes
  1719 | Sewer    | Reached XP level 5. HP: 36/46 MP: 5/5
  1754 | Sewer    | Found a white marble altar of Elyvilon.
  2030 | D:3      | Reached skill level 5 in Armour
  2467 | D:4      | Reached XP level 6. HP: 40/55 MP: 6/6
  2502 | D:4      | Reached skill level 6 in Axes
  2848 | D:4      | Killed from afar by an orc priest

Skill      XL: |  1  2  3  4  5  6 |
---------------+-------------------+-----
Axes           | 3 4 5 6 |  6.8
Armour         | 4 5 |  5.6
Fighting       | |  2.6
Shields        | |  3.2

Action                   |  1- 3 |  4- 6 || total
-------------------------+-------+-------++-------
Melee: War axe           |    96 |   144 ||   240
       Hand axe          |       |     4 ||     4
 Abil: Heal Wounds       |       |     4 ||     4
Evoke: Wand              |       |     1 ||     1
  Use: Scroll            |       |     6 ||     6
       Potion            |       |     1 ||     1
  Eat: Chunk             |     1 |     6 ||     7
Armor: Scale mail        |    45 |    63 ||   108
Dodge: Dodged            |    34 |    51 ||    85
Block: Shield            |    58 |   109 ||   167
